 Dungeon Crawl Stone Soup version 0.22-a0-799-g88f5e90 (webtiles) character file.

24 iamserjio the Firebug (level 3, 0/19 HPs)
             Began as a Tengu Fire Elementalist on July 21, 2018.
             Slain by an adder (2 damage)
             ... on level 2 of the Dungeon.
             The game lasted 00:02:31 (302 turns).

iamserjio the Firebug (Tengu Fire Elementalist)      Turns: 302, Time: 00:02:32

Health: 0/19       AC:  2    Str:  8    XL:     3   Next: 2%
Magic:  5/7        EV: 12    Int: 16    God:
Gold:   40         SH:  0    Dex: 14    Spells: 5/6 levels left

rFire    . . .     SeeInvis .   b - +2 dagger (freeze)
rCold    . . .     Gourm    .   (no shield)
rNeg     . . .     Faith    .   a - +0 robe
rPois    .         Spirit   .   (helmet restricted)
rElec    .         Reflect  .   (no cloak)
rCorr    .         Harm     .   (no gloves)
MR       .....                  (boots unavailable)
Stlth    ++........             (no amulet)
HPRegen  0.06/turn              (no ring)
MPRegen  0.10/turn              (no ring)

@: no status effects
A: beak, talons 3
a: no special abilities


You were on level 2 of the Dungeon.
You were not hungry.

You visited 1 branch of the dungeon, and saw 2 of its levels.

You collected 40 gold pieces.

Inventory:

Hand Weapons
 b - a +2 dagger of freezing (weapon)
Armour
 a - a +0 robe (worn)
Jewellery
 d - an uncursed amulet of guardian spirit
Comestibles
 c - a ration


   Skills:
 - Level 2.1 Dodging
 - Level 2.0 Stealth
 - Level 2.0 Spellcasting
 + Level 2.8 Conjurations
 + Level 3.9 Fire Magic


You had 5 spell levels left.
You knew the following spells:

 Your Spells              Type           Power        Failure   Level  Hunger
a - Flame Tongue          Conj/Fire      ##...        4%          1    #......

Your spell library contained the following spells:

 Spells                   Type           Power        Failure   Level  Hunger
 Fireball                 Conj/Fire      ##........   80%         5    ######.
 Conjure Flame            Conj/Fire      ##......     16%         3    ###....
 Throw Flame              Conj/Fire      ##....       8%          2    ###....
 Sticky Flame             Conj/Fire      ##......     45%         4    #####..
 Inner Flame              Hex/Fire       #.......     28%         3    ###....


Dungeon Overview and Level Annotations

Branches:
Dungeon (2/15)

Altars:


Innate Abilities, Weirdness & Mutations

You have a beak for a mouth.
You have claws for feet.


Message History

* * * LOW HITPOINT WARNING * * *
The adder barely misses you.
It was a potion of magic.
Magic courses through your body. The adder bites you but does no damage.
The adder barely misses you.
Casting: Flame Tongue (safe; 4% risk of failure)
Confirm with . or Enter, or press ? or * to list all spells.
Aiming: Flame Tongue (safe; 4% risk of failure)
Press: ? - help, Shift-Dir - straight line, f/p - adder
Aim: an adder (moderately wounded)
The flame tongue misses the adder.
The adder misses you. The adder closely misses you.
Casting: Flame Tongue (safe; 4% risk of failure)
Confirm with . or Enter, or press ? or * to list all spells.
Aiming: Flame Tongue (safe; 4% risk of failure)
Press: ? - help, Shift-Dir - straight line, f/p - adder
Aim: an adder (moderately wounded)
The flame tongue hits the adder.
The adder is almost dead.
The adder bites you.
You die...

#..#.# ... #..
####..#.#### .... #.#
....#..#.##..
....###.###....#..#.####
.........?.....#........
...............+....####
...............##..##
......SS...# #..#
......†@...# #.##
...........######.#
...............#.##
##......†......##.##
##########.....##.#
#....##_##
########....#.##
#......#....##.##
#......#.....##.#


You could see 2 adders.

Vanquished Creatures
  An ooze (D:2)
  A leopard gecko (D:2)
  A giant cockroach (D:1)
  4 goblins
  3 hobgoblins
  A bat (D:1)
  2 frilled lizards (D:2)
  2 kobolds (D:1)
  4 rats
19 creatures vanquished.

Notes
Turn   | Place    | Note
-------+----------+-------------------------------------------
     0 | D:1      | iamserjio the Tengu Fire Elementalist began the quest for the Orb.
     0 | D:1      | Reached XP level 1. HP: 10/10 MP: 4/4
    95 | D:1      | Reached XP level 2. HP: 8/15 MP: 4/6
   188 | D:2      | Found a faded altar of an unknown god.
   295 | D:2      | Reached XP level 3. HP: 10/19 MP: 4/7
   302 | D:2      | Slain by an adder

Vault maps used:
D:1:      giann_forest_graveyard, minmay_misc_feat_doors, minmay_liquid_box,
          cheibriados_altar_1
D:2:      chequers_ecumenical_altar_twisty, first_ration,
          kennysheep_generic_room_11, uniq_terence

Skill      XL: |  1 |
---------------+----+-----
Conjurations   | 2 |  2.8
Dodging        | |  2.1
Stealth        | |  2.0
Spellcasting   | |  2.0
Fire Magic     | |  3.9

Action                   || total
-------------------------++-------
Melee: Dagger            ||    29
       Unarmed           ||     2
       Kick              ||     3
       Peck              ||     3
 Cast: Flame Tongue      ||    21
  Use: Potion            ||     1
 Stab: Sleeping          ||     1
Armor: Robe              ||     3
Dodge: Dodged            ||    25

Table legend:
 A = Spawn XP
 B = Non-spawn XP
 C = Spawn XP percentage of total XP
 D = Spawn monster count
 E = Non-spawn monster count
 F = Spawn count percentage of total count
 G = Total turns spent on level
                    A         B        C        D         E        F      G
               +---------+---------+-------+---------+---------+-------+---------
         Total |       0 |      35 |   0.0 |       0 |      19 |   0.0 |   302
               +---------+---------+-------+---------+---------+-------+---------
           D:1 |       0 |      16 |   0.0 |       0 |      10 |   0.0 |   142
           D:2 |       0 |      19 |   0.0 |       0 |       9 |   0.0 |   160
               +---------+---------+-------+---------+---------+-------+---------
